 Dungeon Crawl Stone Soup version 0.20-a0-1008-g0de3dc5 (webtiles) character file.

4147 Monsterracer the Zephyrmancer (level 10, 0/56 HPs)
             Began as a Tengu Air Elementalist on Apr 14, 2017.
             Was a Follower of Vehumet.
             Killed by vampiric draining
             ... invoked by a vampire
              (11 damage)
             ... on level 9 of the Dungeon.
             The game lasted 00:50:47 (13698 turns).

Monsterracer the Zephyrmancer (TeAE)               Turns: 13698, Time: 00:50:49

Health: 0/56       AC:  7    Str:  8      XL:     10   Next: 27%
Magic:  5/18       EV: 14    Int: 20      God:    Vehumet [*.....]
Gold:   353        SH:  0    Dex: 13 (14) Spells: 4/19 levels left

rFire    . . .     SeeInvis .   r - +3 mace of Capital Punishment {venom, rElec}
rCold    . . .     Gourm    .   (no shield)
rNeg     . . .     Faith    .   a - +0 robe (curse)
rPois    .         Spirit   .   (helmet restricted)
rElec    +         Reflect  .   q - +2 cloak
rCorr    .         Harm     .   s - +1 pair of gloves
MR       .....                  (boots unavailable)
Stlth    +.........             (no amulet)
Regen    0.2/turn               (no ring)
MPRegen  0.2/turn               (no ring)

@: confused, exhausted, slowed, very slow
A: beak, talons 3, able to fly 1
a: Fly, Renounce Religion


You were on level 9 of the Dungeon.
You worshipped Vehumet.
Vehumet was aware of your devotion.
You were not hungry.

You visited 2 branches of the dungeon, and saw 10 of its levels.

You collected 457 gold pieces.
You spent 104 gold pieces at shops.

Inventory:

Hand Weapons
 r - the +3 mace of Capital Punishment (weapon) {venom, rElec}
   (You found it on level 6 of the Dungeon)

   It poisons the flesh of those it strikes.
   It insulates you from electricity.
Armour
 a - a cursed +0 robe (worn)
 g - a +2 shield
 n - a +0 robe of positive energy
 q - a +2 cloak (worn)
 s - a +1 pair of gloves (worn)
Wands
 x - a wand of flame (17/48)
Scrolls
 i - 5 scrolls of teleportation
 j - a scroll of blinking
 k - 5 scrolls of identify
 o - a scroll of recharging
 u - a scroll of remove curse
 w - a scroll of enchant armour
Potions
 b - 2 potions of might
 e - a potion of haste
 f - 2 potions of heal wounds
 h - 2 potions of flight
 l - a potion of mutation
Comestibles
 c - 9 bread rations
 d - 3 meat rations
 m - 9 fruits
 p - 2 royal jellies
 z - 4 chunks of flesh


   Skills:
 + Level 3.8 Fighting
   Level 2.0 Short Blades
 * Level 7.2 Maces & Flails
 + Level 4.9 Dodging
 - Level 2.0 Stealth
 - Level 5.0 Spellcasting
 + Level 9.8 Conjurations
 + Level 9.9 Air Magic


You had 4 spell levels left.
You knew the following spells:

 Your Spells              Type           Power        Failure   Level  Hunger
a - Shock                 Conj/Air       ####         1%          1    None
b - Swiftness             Chrm/Air       ###.....     2%          2    None
c - Static Discharge      Conj/Air       #####...     1%          3    ##.....
d - Airstrike             Air            #####.....   1%          4    ####...
e - Lightning Bolt        Conj/Air       #####.....   8%          5    #####..


Dungeon Overview and Level Annotations

Branches:
Dungeon (9/15)             Temple (1/1) D:5
   Lair: D:8-11         Orc: D:9-12

Altars:
Ashenzari
Cheibriados
Elyvilon
Fedhas
Gozag
Hepliaklqana
Kikubaaqudgha
Makhleb
Nemelex Xobeh
Okawaru
Qazlal
Ru
Sif Muna
Trog
Uskayaw
Vehumet
Wu Jian
Xom
Yredelemnul
Zin
The Shining One

Shops:
D:4 !


Innate Abilities, Weirdness & Mutations

You have a beak for a mouth.
You have claws for feet.
You can fly.


Message History

* * * LOW HITPOINT WARNING * * *
Something draws strength from your injuries!
You closely miss something. You hit something. You peck something!
Unholy energy fills the air.
* * * LOW HITPOINT WARNING * * *
You hear some strange, mumbled words.
You are confused.
You bump into the rock wall.
You feel a strong urge to attack something.
You bump into the rock wall.
You are no longer berserk.
You are exhausted.
You feel yourself slow down.
You feel much better. Something barely misses you.
Something bites you but does no damage. Something hits you!
Something bites you.
* * * LOW HITPOINT WARNING * * *
Something draws strength from your injuries!
You closely miss something.
Unholy energy fills the air.
You die...

#.# #.# #.#
##[##########
'.##...........#
#..)...........#
####...........#
#.........).#
#.........@.#
##########(##
#.....(<#
#.#######


There were no monsters in sight!

Vanquished Creatures
  The ghost of Malvoorn the Fighter, a novice OpFi of Dithmenos (D:8)
  A troll (D:9)
  A spriggan (D:7)
  Sigmund (D:4)
  2 humans (D:7)
  A hungry ghost (D:8)
  Menkaure (D:6)
  Edmund (Temple)
  Duvessa (D:6)
  An eye of draining (D:8)
  A necrophage (D:7)
  2 sky beasts
  An ogre (D:8)
  3 centaurs
  2 bullfrogs (D:8)
  Dowan (D:6)
  2 scorpions
  2 howler monkeys
  3 crimson imps
  A quasit (D:7)
  A bullfrog zombie (D:6)
  2 jellies (D:3)
  4 hounds
  A bullfrog skeleton (D:8)
  6 orc priests
  4 iguanas
  Ijyb (D:4)
  6 orc wizards
  7 worker ants
  A hound skeleton (D:8)
  Robin (D:4)
  5 adders
  2 howler monkey skeletons
  2 shadow imps
  11 oozes
  3 adder skeletons
  An adder zombie (D:8)
  A worm (D:2)
  4 dart slugs
  2 leopard geckos
  28 orcs
  A ball python (D:5)
  8 giant cockroaches
  16 goblins
  13 hobgoblins
  7 jackals
  13 kobolds
  2 quokkas (D:7)
  A ball python zombie (D:6)
  6 bats
  6 frilled lizards
  2 quokka zombies (D:8)
  9 rats
206 creatures vanquished.

Vanquished Creatures (others)
  A goblin (D:4)
  2 fungi (D:3)
  6 toadstools (D:3)
9 creatures vanquished.

Grand Total: 215 creatures vanquished

Notes
Turn   | Place    | Note
-------+----------+-------------------------------------------
     0 | D:1      | Monsterracer the Tengu Air Elementalist began the quest for the Orb.
     0 | D:1      | Reached XP level 1. HP: 10/10 MP: 4/4
   340 | D:1      | Reached XP level 2. HP: 14/15 MP: 0/6
   344 | D:1      | Learned a level 2 spell: Swiftness
  1102 | D:2      | Reached XP level 3. HP: 19/19 MP: 4/7
  1135 | D:2      | Learned a level 3 spell: Static Discharge
  1979 | D:2      | Reached XP level 4. HP: 24/24 MP: 2/8
  2393 | D:3      | Reached skill level 5 in Air Magic
  2678 | D:3      | Gained mutation: You can fly. [Tengu growth]
  2678 | D:3      | Reached XP level 5. HP: 28/28 MP: 6/10
  3086 | D:3      | Found a shattered altar of Ashenzari.
  3115 | D:3      | Found a burning altar of Makhleb.
  3432 | D:3      | Reached skill level 5 in Conjurations
  3465 | D:3      | Reached XP level 6. HP: 10/32 MP: 0/11
  3625 | D:3      | Learned a level 4 spell: Airstrike
  4393 | D:3      | Found a blossoming altar of Fedhas.
  4414 | D:3      | Found a white marble altar of Elyvilon.
  4564 | D:4      | Noticed Ijyb
  4668 | D:4      | Noticed Sigmund
  4991 | D:4      | Noticed Robin
  5237 | D:4      | Killed Robin
  5376 | D:4      | Found Visalosm's Distillery.
  5379 | D:4      | Bought a potion of mutation for 104 gold pieces
  5665 | D:5      | Entered Level 5 of the Dungeon
  5823 | D:5      | Reached XP level 7. HP: 36/36 MP: 9/13
  5964 | D:5      | Found a stormy altar of Qazlal.
  6021 | D:5      | Reached skill level 1 in Short Blades
  6083 | D:5      | Found a staircase to the Ecumenical Temple.
  6088 | D:5      | Noticed Edmund
  6090 | Temple   | Entered the Ecumenical Temple
  6122 | Temple   | Became a worshipper of Vehumet
  6991 | D:5      | Learned a level 1 spell: Shock
  7396 | Temple   | Killed Edmund
  7396 | Temple   | Reached XP level 8. HP: 27/41 MP: 5/15
  7579 | D:6      | Got a slimy mace
  7580 | D:6      | Identified the +3 mace of Capital Punishment {venom, rElec} (You found it on level 6 of the Dungeon)
  7666 | D:6      | Noticed Duvessa
  7668 | D:6      | Noticed Dowan
  7688 | D:6      | Killed Duvessa
  7688 | D:6      | Reached skill level 1 in Maces & Flails
  7778 | D:6      | Killed Dowan
  7918 | D:6      | Learned a level 5 spell: Lightning Bolt
  8288 | D:6      | Found a snail-covered altar of Cheibriados.
  8294 | D:6      | Noticed Menkaure
  8319 | D:6      | Killed Menkaure
  8551 | D:6      | Found a blossoming altar of Fedhas.
  8980 | D:7      | Found an ancient bone altar of Kikubaaqudgha.
  9016 | D:7      | Found a sparkling altar of Nemelex Xobeh.
  9460 | D:7      | Found an iron altar of Okawaru.
  9592 | D:7      | Reached skill level 1 in Fighting
  9592 | D:7      | Reached XP level 9. HP: 46/47 MP: 9/17
  9838 | D:7      | Reached * piety under Vehumet
  9838 | D:7      | Offered knowledge of Sandblast by Vehumet.
  9907 | D:7      | Reached skill level 5 in Spellcasting
 10363 | D:8      | Noticed Malvoorn's ghost (novice OpFi)
 10860 | D:8      | Reached skill level 5 in Maces & Flails
 11497 | D:4      | Killed Sigmund
 11613 | D:4      | Found an opulent altar of Gozag.
 11617 | D:4      | Killed Ijyb
 11730 | D:4      | Found an ornate altar of the Wu Jian Council.
 12248 | D:8      | Noticed a two-headed ogre
 12662 | D:8      | Killed Malvoorn's ghost
 12662 | D:8      | Reached XP level 10. HP: 23/56 MP: 0/18
 13693 | D:9      | HP: 4/84 [something/vampiric draining (7)]
 13698 | D:9      | Killed from afar by a vampire

Vault maps used:
D:1:      minmay_arrival_pointy
D:2:      minmay_pentomino_r4
D:3:      cheibrodos_fertilizer, nicolae_overflow_quartered_altars, first_bread
D:4:      grunt_gozag_statues, lemuel_coloured_pillars_altar, serial_shops,
          nicolae_shop_behind_doors, uniq_iyjb, uniq_sigmund, uniq_robin
D:5:      nicolae_overflow_hidden_temple, minmay_temple_entry_crystal_x,
          uniq_edmund
D:6:      cheibriados_altar_1, fedhas_altar_fruit_tree, uniq_duvessa,
          uniq_menkaure
D:7:      chequers_temple_overflow_statue_of_worship,
          hangedman_abyss_or_decor_lesser_grid, the_bakery, okawaru_humans
D:9:      grunt_dithmenos_smoke_and_mirrors
Temple:   jpeg_temple_clearing

Skill      XL: |  1  2  3  4  5  6  7  8  9 10 |
---------------+-------------------------------+-----
Conjurations   | 2 3 4 5 6 7 8 9 |  9.8
Air Magic      | 5 6 7 8 9 |  9.9
Spellcasting   | 3 4 5 |  5.0
Short Blades   | 2 |  2.0
Maces & Flails | 3 6 7 |  7.2
Fighting       | 1 3 |  3.8
Dodging        | 4 |  4.9
Stealth        | |  2.0

Action                   |  1- 3 |  4- 6 |  7- 9 | 10-12 || total
-------------------------+-------+-------+-------+-------++-------
Melee: Unarmed           |     4 |       |       |       ||     4
       Kick              |     1 |     7 |     7 |     6 ||    21
       Dagger            |     3 |    26 |     4 |       ||    33
       Peck              |       |     5 |     2 |     2 ||     9
       Mace              |       |       |    22 |    29 ||    51
 Cast: Shock             |    69 |   148 |   216 |    29 ||   462
       Static Discharge  |     3 |     9 |    51 |     9 ||    72
       Swiftness         |     2 |     3 |    10 |     1 ||    16
       Airstrike         |       |     1 |    21 |     7 ||    29
       Lightning Bolt    |       |       |       |     1 ||     1
 Abil: Fly               |       |       |       |     1 ||     1
  Use: Potion            |     3 |     4 |     4 |     2 ||    13
       Scroll            |       |     6 |     6 |     1 ||    13
  Eat: Chunk             |     4 |     8 |    23 |     6 ||    41
       Fruit             |     1 |     2 |     5 |     1 ||     9
       Royal jelly       |       |     1 |       |       ||     1
Armor: Robe              |     2 |    11 |    27 |    11 ||    51
Dodge: Dodged            |     8 |    45 |    51 |    33 ||   137
